 Dungeon Crawl Stone Soup version 0.24.0-28-g17ded55e90 (webtiles) character file.

Game seed: 2295356308522136124, levelgen mode: deterministic

267 Nattfarinn the Ogre Mage (level 6, 23/62 HPs)
             Began as an Ogre Fire Elementalist on Nov 11, 2019.
             Starved to death
             ... while paralysed
             ... on level 2 of the Dungeon.
             The game lasted 00:03:48 (1516 turns).

Nattfarinn the Ogre Mage (Ogre Fire Elementalist)   Turns: 1516, Time: 00:03:49

Health: 23/62      AC:  3    Str: 13    XL:     6   Next: 21%
Magic:  4/12       EV:  1    Int: 18    God:
Gold:   87         SH:  0    Dex:  9    Spells: 13/14 levels left

rFire    . . .     SeeInvis .   (no weapon)
rCold    . . .     Gourm    .   (no shield)
rNeg     . . .     Faith    .   a - +0 robe
rPois    .         Spirit   .   (helmet restricted)
rElec    .         Reflect  .   (no cloak)
rCorr    .         Harm     .   (gloves unavailable)
MR       .....                  (boots unavailable)
Stlth    +.........             (no amulet)
HPRegen  0.20/turn              (no ring)
MPRegen  0.13/turn              (no ring)

@: paralysed, fainting
A: large, unfitting armour, tough skin 1
a: no special abilities


You were on level 2 of the Dungeon.
You were fainting.

You visited 1 branch of the dungeon, and saw 2 of its levels.

You collected 87 gold pieces.

Inventory:

Armour
 a - a +0 robe (worn)
Scrolls
 g - a scroll of teleportation {unknown}
 h - a scroll of identify {unknown}
Potions
 b - a potion of berserk rage {unknown}
 d - a potion of invisibility {unknown}
 e - a potion of resistance {unknown}
 f - a potion of lignification {unknown}
 i - a potion of degeneration {unknown}


   Skills:
 * Level 4.2 Fighting
 - Level 1.7 Dodging
 - Level 1.4 Stealth
 * Level 4.5 Spellcasting
 + Level 2.2 Conjurations
 + Level 3.4 Fire Magic


You had 13 spell levels left.
You knew the following spells:

 Your Spells              Type           Power        Failure   Level  Hunger
a - Flame Tongue          Conj/Fire      ##...        4%          1    None

Your spell library contained the following spells:

 Spells                   Type           Power        Failure   Level  Hunger
 Throw Flame              Conj/Fire      ##....       7%          2    #......
 Conjure Flame            Conj/Fire      ##......     13%         3    ###....
 Inner Flame              Hex/Fire       ##......     21%         3    ###....
 Sticky Flame             Conj/Fire      ##......     41%         4    ####...
 Fireball                 Conj/Fire      ##........   77%         5    ######.


Dungeon Overview and Level Annotations

Branches:
Dungeon (2/15)

Altars:
Elyvilon


Innate Abilities, Weirdness & Mutations

You are too large for most types of armour.
You have tough skin. (AC +1)


Message History

The hungry ghost is almost destroyed.
The hungry ghost hits you.
You feel slightly more hungry.
You barely miss the hungry ghost.
The hungry ghost is almost destroyed.
The hungry ghost hits you.
You feel slightly more hungry.
You hit the hungry ghost.
You destroy the hungry ghost!
Your Fighting skill increases to level 4!
Your Spellcasting skill increases to level 4!
Your Conjurations skill increases to level 2!
You have reached level 6!
Your experience leads to an increase in your attributes!
Increase (S)trength, (I)ntelligence, or (D)exterity?
You feel clever.
You feel stronger.
You aren't carrying any food.
You lose consciousness!
You can move again.
You lose consciousness!
You have starved to death.
You die...

...## #(# #######.#
..## #######(#
#......... ###
#.......###..........
#.....................
#......)###...........
#..(....# #...........
#.......# #...........
#.......# #...........
#.......# #@..........
######### #...........
#%..........
##.......### #...8..##
#......# #......#
#...#### #####


There were no monsters in sight!

Vanquished Creatures
  A hungry ghost (D:2)
  Natasha (thrice) (D:2)
  2 adder skeletons (D:2)
  A worm (D:2)
  A dart slug (D:2)
  3 leopard geckos
  A giant cockroach (D:1)
  4 goblins
  5 hobgoblins
  2 jackals (D:1)
  A ball python (D:1)
  8 bats
  2 frilled lizards
  7 kobolds
  5 rats
46 creatures vanquished.

Notes
Turn   | Place    | Note
-------+----------+-------------------------------------------
     0 | D:1      | Nattfarinn the Ogre Fire Elementalist began the quest for
                  | the Orb.
     0 | D:1      | Reached XP level 1. HP: 16/16 MP: 3/3
    99 | D:1      | Reached skill level 1 in Conjurations
   176 | D:1      | Reached skill level 1 in Fighting
   176 | D:1      | Reached XP level 2. HP: 27/27 MP: 2/5
   693 | D:1      | Reached XP level 3. HP: 35/35 MP: 4/7
   964 | D:2      | Found a white marble altar of Elyvilon.
   979 | D:2      | Noticed Natasha
   985 | D:2      | Killed Natasha
   985 | D:2      | Reached XP level 4. HP: 44/44 MP: 6/9
  1193 | D:2      | Noticed Natasha
  1198 | D:2      | Killed Natasha
  1234 | D:2      | Noticed Natasha
  1239 | D:2      | Killed Natasha
  1239 | D:2      | Reached XP level 5. HP: 41/53 MP: 4/10
  1451 | D:2      | Noticed a hungry ghost
  1500 | D:2      | Killed a hungry ghost
  1500 | D:2      | Reached XP level 6. HP: 19/62 MP: 2/12
  1502 | D:2      | Paralysed by fainting for 12 turns
  1514 | D:2      | Paralysed by fainting for 10 turns
  1516 | D:2      | Starved to death

Levels and vault maps discovered:
D:1:      psy_arrival_fountain, layout_loops_ring
D:2:      layout_basic, serial_undead, serial_undead_c, serial_undead_d,
          serial_undead_e, serial_undead_c, elyvilon_altar_3, uniq_natasha

Skill      XL: |  1  2  3  4  5 |
---------------+----------------+-----
Conjurations   | 1 2 |  2.2
Fighting       | 1 2 3 4 |  4.2
Spellcasting   | 3 4 |  4.5
Fire Magic     | 3 |  3.4
Dodging        | |  1.7
Stealth        | |  1.4

Action                   |  1- 3 |  4- 6 || total
-------------------------+-------+-------++-------
Melee: Unarmed           |    10 |    26 ||    36
 Cast: Flame Tongue      |    41 |    48 ||    89
  Eat: Chunk             |       |     1 ||     1
       Ration            |       |     2 ||     2
Armor: Robe              |     6 |     8 ||    14
Dodge: Dodged            |    10 |    19 ||    29
